 Dungeon Crawl Stone Soup version 0.22-a0-157-g169b76a (webtiles) character file.

665019 sankara the Conqueror (level 27, -21/218 HPs)
             Began as a Minotaur Fighter on Feb 7, 2018.
             Was an Elder of Makhleb.
             Killed from afar by an orb of fire (27 damage)
             ... with a bolt of fire
             ... on level 5 of the Realm of Zot on Feb 9, 2018.
             The game lasted 07:26:50 (68240 turns).

sankara the Conqueror (Minotaur Fighter)           Turns: 68240, Time: 07:26:51

Health: -21/218    AC: 41    Str: 42    XL:     27
Magic:  34/34      EV: 17    Int:  4    God:    Makhleb [****..]
Gold:   6493       SH: 35    Dex: 18    Spells: 37/42 levels left

rFire    + + .     SeeInvis +   a - +9 broad axe (freeze)
rCold    + + +     Gourm    .   W - +18 shield of the Gong {rElec rN+ MR+ EV-5}
rNeg     + + .     Faith    .   x - +5 gold dragon scales
rPois    +         Spirit   .   (helmet unavailable)
rElec    +         Reflect  .   t - +2 ratskin cloak {+Rats rPois rN+ Str-1 Int-1 Dex+1}
rCorr    +         Harm     .   C - +2 pair of gloves {archery}
MR       +++++     Rnd*Rage +   V - +0 pair of boots of Tenacity {MR+ rCorr}
Stlth    ..........             X - amulet of the acrobat
HPRegen  0.46/turn              I - ring of Haithes {rPois rC+ Dex+3 SInv}
MPRegen  0.24/turn              R - ring "Femokiuh" {MR+ Str+7 Dex+5}

@: mighty, lethally poisoned (-21 -> -22), resistant
A: retaliatory headbutt, beak, horns 3, berserk 1, blink, blurry vision 1,
clumsy 2, frail 2, screaming 1, subdued magic 1
}: 3/15 runes: decaying, silver, gossamer
a: Blink, Minor Destruction, Lesser Servant of Makhleb, Major Destruction,
Renounce Religion, Evoke Ratskin


You were on level 5 of the Realm of Zot.
You worshipped Makhleb.
Makhleb was greatly pleased with you.
You were completely stuffed.

You visited 11 branches of the dungeon, and saw 53 of its levels.
You visited the Abyss 1 time.
You visited 1 bazaar.
You visited 1 ziggurat, and saw 6 of its levels.
You also visited: Labyrinth.

You collected 10966 gold pieces.
You spent 4473 gold pieces at shops.

Inventory:

Hand Weapons
 a - a +9 broad axe of freezing (weapon)
 b - the +6 hand crossbow "Demon's Doom" {speed, MR+ Str+4}
   (You found it on level 5 of the Vaults)

   Attacks with this weapon are significantly faster.
   It affects your strength (+4).
   It affects your resistance to hostile enchantments.
 c - a +5 blowgun
Missiles
 l - 20 curare-tipped needles
 H - 5 throwing nets (quivered)
 O - 1544 bolts
Armour
 g - a +2 pair of boots of running
 m - the +2 shield of Resistance {rF+ rC+ MR+}
   (You bought it in a shop on level 15 of the Dungeon)

   It protects you from fire.
   It protects you from cold.
   It affects your resistance to hostile enchantments.
 t - the +2 ratskin cloak (worn) {+Rats rPois rN+ Str-1 Int-1 Dex+1}
   (You found it on level 2 of the Vaults)

   It affects your strength (-1).
   It affects your intelligence (-1).
   It affects your dexterity (+1).
   It protects you from poison.
   It protects you from negative energy.
 x - +5 gold dragon scales (worn)
 C - a +2 pair of gloves of archery (worn)
 S - a +2 cloak of invisibility
 V - the +0 pair of boots of Tenacity (worn) {MR+ rCorr}
   (You bought it in a shop in a bazaar)

   It affects your resistance to hostile enchantments.
   It protects you from acid and corrosion.
 W - the +18 shield of the Gong (worn) {rElec rN+ MR+ EV-5}
   (You found it on level 5 of the Lair of Beasts)

   It affects your evasion (-5).
   It insulates you from electricity.
   It protects you from negative energy.
   It affects your resistance to hostile enchantments.
Jewellery
 i - an uncursed amulet of regeneration
 A - an uncursed ring of positive energy
 E - an uncursed ring of protection from fire
 I - the ring of Haithes (left hand) {rPois rC+ Dex+3 SInv}
   (You took it off an orc wizard on level 13 of the Dungeon)

   [ring of see invisible]

   It affects your dexterity (+3).
   It protects you from cold.
   It protects you from poison.
   It lets you see invisible.
 R - the ring "Femokiuh" (right hand) {MR+ Str+7 Dex+5}
   (You took it off a deep elf demonologist on level 3 of the Elven Halls)

   [ring of protection from magic]

   It affects your strength (+7).
   It affects your dexterity (+5).
   It affects your resistance to hostile enchantments.
 X - an amulet of the acrobat (around neck)
Wands
 o - a wand of disintegration (10)
 s - a wand of clouds (14)
 u - a wand of enslavement (41)
 G - a wand of acid (41)
 K - a wand of paralysis (62)
 L - a wand of digging (25)
 N - a wand of iceblast (55)
Scrolls
 e - 28 scrolls of remove curse
 k - 7 scrolls of identify
 q - a scroll of magic mapping
 r - 2 scrolls of summoning
 w - 11 scrolls of fear
 y - 26 scrolls of teleportation
 F - 7 scrolls of blinking
 Z - 2 scrolls of silence
Potions
 d - 15 potions of might
 p - 6 potions of flight
 v - 9 potions of agility
 z - 3 potions of berserk rage
 B - 3 potions of cancellation
 D - 4 potions of invisibility
 P - 19 potions of curing
 T - 3 potions of resistance
 U - 3 potions of haste
Miscellaneous
 h - a phial of floods
 n - a lamp of fire
 J - a fan of gales
 M - 3 phantom mirrors
 Q - 2 sacks of spiders
Comestibles
 f - 79 rations


   Skills:
 O Level 27 Fighting
 - Level 18.0 Axes
 - Level 10.0 Crossbows
 - Level 5.0 Throwing
 - Level 26.2 Armour
 - Level 19.4 Dodging
 - Level 15.0 Shields
 + Level 8.2 Spellcasting
 - Level 7.0 Transmutations
 - Level 7.0 Earth Magic
 - Level 16.0 Invocations
 - Level 15.0 Evocations


You had 37 spell levels left.
You knew the following spells:

 Your Spells              Type           Power        Failure   Level  Hunger
a - Regeneration          Chrm/Necr      #.........   94%         3    ###....
b - Passwall              Tmut/Erth      #.........   6%          2    ###....


Dungeon Overview and Level Annotations

Branches:
Dungeon (15/15)            Temple (1/1) D:4            Lair (6/6) D:8
  Swamp (4/4) Lair:2       Spider (4/4) Lair:4        Slime (0/5) Lair:5
    Orc (2/2) D:12            Elf (3/3) Orc:2        Vaults (5/5) D:14
  Crypt (3/3) Vaults:2       Tomb (0/3) Crypt:3      Depths (5/5) D:15
    Zot (5/5) Depths:5

Altars:
Ashenzari
Cheibriados
Dithmenos
Elyvilon
Fedhas
Gozag
Hepliaklqana
Kikubaaqudgha
Makhleb
Nemelex Xobeh
Okawaru
Qazlal
Ru
Sif Muna
Trog
Uskayaw
Vehumet
Wu Jian
Xom
Yredelemnul
Zin
The Shining One
Beogh

Shops:
D:4 [   D:13 %   D:15 [   Orc:1 :   Orc:2 =*[(   Vaults:2 [   Vaults:3 !
Depths:2 *[*

Portals:
Hell: Depths:1 Depths:2 Depths:3 Depths:4 Depths:5
Abyss: Depths:4 Depths:5
Pandemonium: Depths:3 Depths:4 Depths:5
Trove: D:14 (show abyssal rune of Zot)


Innate Abilities, Weirdness & Mutations

You reflexively headbutt those who attack you in melee.
You have a pair of large horns on your head.
You have a beak for a mouth.
You tend to lose your temper in combat.
You can translocate small distances at will.
Scrolls take you a little longer to read.
You are very clumsy. (Dex -4)
You are very frail. (-20% HP)
You occasionally shout uncontrollably at your foes.
Your spells are a little easier to cast, but a little less powerful.


Message History

Your cacodemon hits the orb of fire! You slice the orb of fire!!
You freeze the orb of fire. Your headbutt misses the orb of fire.
The orb of fire is severely damaged.
You hit the orb of fire but do no damage.
You feel sick.
The orb of fire glows yellow.
The fireball explodes!
The fireball engulfs you! You resist.
* * * LOW HITPOINT WARNING * * *
The fireball engulfs the orb of fire.
The orb of fire completely resists.
The fireball engulfs the orb of fire.
The orb of fire completely resists.
Your cacodemon closely misses the orb of fire.
Your cacodemon barely misses the orb of fire.
You hear a roar!
You miss the orb of fire. Your headbutt misses the orb of fire.
The orb of fire is severely damaged.
You barely miss the orb of fire.
The orb of fire glows bright magenta.
The bolt of fire hits you! You resist.
You die...

.,,,,###...###########...###,..X.
,,,,,,*##...............##*,,....
,,,,,,* ##.............## *,,....
,,,,,,* #.............# *,,....
,,,,,,* ##.......^...## *,,....
,,,,,,* #......^....# *,,.§..
,,,,,,* ##...........## *,,,,,,
,,,,,** #....2**......# **,,,,,
,,,,** ##......@......#* **,,,,
,,,** #...............# **,,,
**** ########)######## ****
#)###### ### #†))<..# ..#
###....#
..################....###
....⌠...................##
.....########...##....##.##


You could see 2 orbs of fire and a friendly cacodemon.

Vanquished Creatures
  3 ancient liches (Zot:5)
  5 orbs of fire
  4 juggernauts
  A pandemonium lord (Zig:6)
  Mara (Vaults:4)
  Mennas (Vaults:3)
  Sojobo (Depths:1)
  Frederick (Depths:1)
  Margery (Vaults:3)
  6 caustic shrikes
  2 Killer Klowns (Zot:5)
  Jory (Crypt:2)
  11 golden dragons
  2 profane servitors
  2 bone dragons
  Jorgrun (Spider:3)
  3 electric golems
  Rupert (Depths:1)
  15 tentacled monstrosities
  4 liches
  3 titans
  8 Orb Guardians (Zot:5)
  A deep elf blademaster (Elf:3)
  4 quicksilver dragons
  An Executioner (Zig:6)
  10 death cobs
  7 ancient champions (Crypt:3)
  6 tengu reavers
  2 thorn hunters
  5 shadow dragons
  Kirke (D:15)
  Agnes (D:15)
  5 sphinxes
  9 draconian monks
  18 storm dragons
  A warmonger (Zig:6)
  A nagaraja (Zig:4)
  Donald (Spider:3)
  Roxanne (Spider:2)
  10 revenants
  The ghost of Tovarisch the Convoker, a journeyman MfSu of Sif Muna (Spider:1)
  16 fire giants
  10 vault wardens
  An azure jelly (Zig:1)
  An iron dragon (Depths:3)
  5 deep elf sorcerers
  2 orc warlords
  4 balrugs
  8 draconian shifters
  10 draconian knights
  8 draconian stormcallers
  4 draconian scorchers
  6 emperor scorpions
  10 frost giants
  Louise (Spider:2)
  3 ghost moths (Spider:4)
  11 ghouls
  9 deep elf elementalists
  A curse skull (Crypt:3)
  A caustic shrike skeleton (Crypt:3)
  A reaper (Crypt:3)
  22 stone giants
  9 very ugly things
  7 draconian annihilators
  12 black draconians
  13 ironheart preservers
  4 deep elf demonologists
  2 spriggan defenders (Depths:3)
  A war gargoyle (Vaults:2)
  15 green draconians
  A minotaur (Lab)
  17 yellow draconians
  7 entropy weavers
  11 red draconians
  A starcursed mass (Abyss:2)
  A dire elephant (shapeshifter) (Vaults:5)
  9 vampire knights
  9 purple draconians
  9 deep elf death magi
  10 deep elf annihilators
  8 white draconians
  11 spark wasps
  The ghost of mhoghedin the Fighter, a journeyman KoCj of Ashenzari (Lair:3)
  4 eidola
  10 jiangshi
  A crystal guardian (Vaults:3)
  15 ettins
  2 mummy priests (Crypt:3)
  2 quicksilver dragon zombies (Crypt:3)
  A blizzard demon (Zig:6)
  11 fire dragons
  8 deep elf high priests
  17 yaktaur captains
  9 great orbs of eyes
  The ghost of KristoblXynda the Carver, a journeyman DrGl of Cheibriados (D:12)
  2 ghost crabs
  36 vault guards
  A naga warrior (Zig:4)
  A great orb of eyes (shapeshifter) (Vaults:4)
  19 hydras
  13 ice dragons
  5 rakshasas
  10 centaur warriors
  2 quicksilver dragon skeletons
  A spectral stone giant (Zig:5)
  3 catoblepae
  15 alligators
  3 spriggan air magi
  5 deep troll shamans
  5 death knights
  9 ogre magi
  The ghost of wazuzu the Destroyer, a novice DgWz (D:11)
  An anaconda (Zig:4)
  30 two-headed ogres
  4 tengu warriors
  20 dancing weapons
  The ghost of mhoghedin the Nimble, a journeyman KoCj of Vehumet (D:8)
  A queen ant (Spider:3)
  7 deep troll earth magi
  11 vampire magi
  Urug (Orc:1)
  7 spriggan berserkers
  15 deep elf knights
  2 orc high priests
  6 shadow wraiths
  A soul eater (Crypt:3)
  12 hell knights
  2 sun demons (Depths:3)
  2 iron trolls
  An iron troll (shapeshifter) (Vaults:5)
  15 deep trolls
  2 wretched stars (Abyss:2)
  19 skeletal warriors
  A deep troll (shapeshifter) (Depths:3)
  A spark wasp zombie (Crypt:2)
  An unseen horror (shapeshifter) (Depths:3)
  A spectral iron dragon (Zig:5)
  A spectral spriggan (Zig:5)
  A ghost moth zombie (Crypt:3)
  2 golden dragon zombies (Crypt:3)
  3 unseen horrors
  2 spriggan druids
  12 deep elf archers
  An anaconda skeleton (Crypt:3)
  7 flayed ghosts
  3 glowing orange brains
  10 swamp dragons
  A shambling mangrove (Swamp:3)
  14 harpies
  16 ironbrand convokers
  2 sphinx zombies
  2 golden dragon skeletons (Crypt:1)
  An orb spider (shapeshifter) (Elf:1)
  A tengu zombie (D:15)
  2 harpies (shapeshifter)
  A mana viper (Zig:4)
  17 phantasmal warriors
  A mana viper (shapeshifter) (D:14)
  2 shadow dragon zombies (Crypt:2)
  4 wolf spider zombies
  30 wolf spiders
  17 necromancers
  20 orb spiders
  A lindwurm (shapeshifter) (Depths:1)
  17 orc knights
  A stone giant zombie (Vaults:1)
  2 salamanders (shapeshifter)
  5 frost giant zombies
  Pikel (D:9)
  4 orc sorcerers
  A cyclops (shapeshifter) (Depths:3)
  6 cyclopes
  A worldbinder (Abyss:2)
  25 deep elf magi
  36 ugly things
  5 fire giant zombies (Crypt:2)
  10 elephants
  2 stone giant skeletons
  Joseph (Lair:3)
  A dire elephant zombie (Crypt:2)
  3 manticores
  2 guardian serpents (Depths:2)
  An iron dragon skeleton (Crypt:3)
  Maurice (D:9)
  A moth of wrath (shapeshifter) (D:14)
  32 moths of wrath
  An ice statue (Lair:2)
  4 black mambas
  A guardian serpent (shapeshifter) (Depths:4)
  A naga mage (Zig:4)
  2 torpor snails
  11 vault sentinels
  An elephant slug zombie (Crypt:3)
  11 centaur skeletons
  2 frost giant skeletons
  6 centaur zombies
  14 spiny frogs
  A kobold demonologist (D:13)
  46 yaktaurs
  5 spectral swamp worms (Depths:2)
  6 rime drakes
  4 freezing wraiths
  An ice devil (Lair:2)
  8 komodo dragons
  A catoblepas skeleton (Crypt:2)
  A spark wasp simulacrum (Depths:2)
  An efreet (Zot:2)
  4 tengu conjurers
  10 demonic crawlers
  A meliai (shapeshifter) (D:15)
  A troll (shapeshifter) (D:14)
  11 polar bears
  A queen ant zombie (Crypt:2)
  7 trolls
  5 guardian mummies (Crypt:3)
  7 tyrant leeches
  49 jumping spiders
  6 blink frogs
  A harpy skeleton (D:13)
  26 hornets
  A raiju (Crypt:2)
  2 fire dragon zombies
  Prince Ribbit (D:6)
  18 hippogriffs
  A dream sheep (shapeshifter) (D:14)
  36 slime creatures
  3 small abominations
  13 bog bodies
  A deep troll zombie (D:15)
  9 large abominations
  6 flying skulls (Crypt:2)
  A shock serpent simulacrum (Crypt:2)
  2 air elementals
  64 redbacks
  38 yaks
  7 shadows
  21 water elementals
  7 wraiths
  An ettin skeleton (Depths:2)
  2 ice dragon skeletons
  A vampire (D:13)
  22 spriggans
  2 tarantellas (shapeshifter)
  3 basilisks (shapeshifter)
  An alligator skeleton (Crypt:3)
  An elf simulacrum (Depths:3)
  26 fire elementals
  A wyvern (shapeshifter) (Vaults:1)
  A ynoxinul (Abyss:2)
  A hungry ghost (D:10)
  13 wyverns
  4 hogs (D:15)
  2 black mamba skeletons (Crypt:3)
  30 tarantellas
  4 basilisks
  Eustachio (D:6)
  A neqoxec (Abyss:2)
  12 vampire mosquitoes
  Menkaure (D:6)
  A yaktaur simulacrum (Vaults:2)
  8 wargs
  28 swamp worms
  17 insubstantial wisps
  An infernal demonspawn zombie (Crypt:2)
  A soldier ant (shapeshifter) (Vaults:3)
  22 soldier ants (Spider:3)
  9 water moccasins
  An acid dragon (D:13)
  An elf skeleton (Vaults:1)
  An ogre skeleton (Vaults:1)
  An orb spider zombie (Crypt:1)
  18 hell hounds
  A floating eye (Depths:3)
  8 porcupines
  15 swamp drakes
  4 black bears
  An eye of draining (shapeshifter) (Vaults:4)
  2 hornet zombies (D:13)
  60 orc warriors
  7 ice beasts
  3 sky beasts
  A human zombie (Vaults:1)
  A swamp dragon zombie (Crypt:1)
  A fire dragon simulacrum (Crypt:3)
  2 necrophages
  2 phantoms
  24 ogres
  41 wolves
  A dream sheep skeleton (Crypt:3)
  A snapping turtle skeleton (Crypt:2)
  10 boggarts
  9 centaurs
  7 crocodiles
  A centaur (shapeshifter) (Vaults:3)
  2 swamp dragon skeletons
  2 human skeletons
  A hog skeleton (Crypt:1)
  A big kobold (D:9)
  3 elf zombies (Elf:1)
  The ghost of p0werm0de the Slasher, an amateur VSCK of Xom (D:4)
  2 gnoll sergeants
  A spiny frog simulacrum (Crypt:3)
  A glowing shapeshifter simulacrum (Vaults:2)
  A wyvern zombie (D:13)
  12 bullfrogs
  A deep troll simulacrum (Vaults:2)
  4 earth elementals
  4 scorpions
  3 spectral wolves (Crypt:2)
  A spriggan skeleton (Crypt:1)
  16 wights
  A howler monkey (shapeshifter) (Depths:4)
  4 howler monkeys
  7 electric eels
  7 crimson imps
  4 lava snakes (Lab)
  A bullfrog zombie (D:7)
  7 hounds
  A quasit (D:11)
  3 jellies
  35 orc wizards
  24 orc priests
  A bullfrog skeleton (D:7)
  4 iguanas
  31 worker ants
  2 porcupine skeletons
  2 hound zombies
  A big kobold skeleton (Crypt:1)
  2 naga skeletons
  A worker ant zombie (D:8)
  12 mummies (Crypt:3)
  13 gnolls
  11 adders
  5 shadow imps
  6 white imps
  An ufetubus (Abyss:2)
  2 worm zombies (Crypt:2)
  An adder skeleton (Crypt:1)
  3 adder zombies
  4 worms
  3 dart slugs
  4 leopard geckos
  121 orcs
  5 giant cockroaches
  13 goblins
  11 hobgoblins
  8 kobolds
  7 quokkas
  4 ball pythons
  7 bats
  A dart slug zombie (Crypt:3)
  3 frilled lizards
  A gnoll skeleton (Crypt:2)
  A jackal zombie (D:8)
  A kobold zombie (Crypt:3)
  7 rats
  4 crawling corpses (Elf:3)
  3 fungi
  3 withered plants (D:15)
2550 creatures vanquished.

Vanquished Creatures (collateral kills)
  the Lernaean hydra (Swamp:3)
  Bai Suzhen (Swamp:3)
  Nikola (Spider:1)
  Arachne (Spider:2)
  Frances (Spider:1)
  A thorn hunter (Swamp:2)
  A frost giant (Depths:3)
  An emperor scorpion (Spider:4)
  An entropy weaver (Spider:4)
  Nessos (Lair:4)
  Azrael (Spider:1)
  A yellow draconian (Zot:5)
  A crystal guardian (Vaults:2)
  Fannar (Lair:1)
  An ogre mage (Vaults:4)
  A hydra (Swamp:2)
  Erica (Lair:1)
  Harold (Lair:1)
  2 dancing weapons (Elf:2)
  A deep elf knight (Elf:2)
  Sonja (Lair:1)
  A wizard (Vaults:3)
  A swamp dragon (Swamp:4)
  An orange crystal statue (Depths:4)
  A wolf spider (Spider:1)
  A deep elf mage (Elf:2)
  An orc sorcerer (Vaults:4)
  A black mamba (Lair:1)
  A centaur zombie (D:13)
  A spiny frog (Swamp:3)
  A jumping spider (Spider:3)
  A hornet (Spider:1)
  A slime creature (Swamp:2)
  A bog body (Swamp:2)
  4 redbacks
  A fire elemental (Spider:1)
  A spriggan (Swamp:2)
  A warg (Orc:2)
  3 insubstantial wisps (Swamp:2)
  2 swamp worms
  A swamp drake (Swamp:4)
  An orc (Orc:2)
  A plant (Lair:1)
50 creatures vanquished.

Vanquished Creatures (others)
  A storm dragon (Zot:2)
  A draconian knight (Zot:3)
  A warmonger (Zig:6)
  A vampire knight (Depths:1)
  A spriggan druid (Swamp:2)
  2 orb spiders (Spider:4)
  3 moths of wrath
  A rime drake (Lair:5)
  2 jumping spiders (Spider:3)
  A slime creature (Swamp:4)
  A tarantella (Spider:3)
  A hell hound (Crypt:2)
  4 slaves (D:9)
  A wolf (Crypt:2)
  2 orcs (D:9)
  9 fungi
  22 plants
54 creatures vanquished.

Grand Total: 2654 creatures vanquished

Notes
Turn   | Place    | Note
-------+----------+-------------------------------------------
     0 | D:1      | sankara the Minotaur Fighter began the quest for the Orb.
     0 | D:1      | Reached XP level 1. HP: 19/19 MP: 0/0
   208 | D:1      | Reached XP level 2. HP: 27/27 MP: 1/1
   300 | D:1      | Reached skill level 4 in Fighting
   868 | D:2      | Reached XP level 3. HP: 24/33 MP: 2/2
  1300 | D:2      | Reached XP level 4. HP: 22/41 MP: 3/3
  1667 | D:2      | Reached skill level 5 in Axes
  2015 | D:4      | Reached skill level 5 in Fighting
  2015 | D:4      | Reached XP level 5. HP: 43/48 MP: 4/4
  2261 | D:4      | Reached XP level 6. HP: 46/56 MP: 5/5
  2396 | D:4      | Reached skill level 6 in Fighting
  2466 | D:4      | Reached XP level 7. HP: 47/64 MP: 6/6
  2987 | D:4      | Found Atifoaw's Armour Boutique.
  2988 | D:4      | Noticed p0werm0de's ghost (amateur VSCK)
  2999 | D:4      | Killed p0werm0de's ghost
  3001 | D:4      | Reached skill level 7 in Fighting
  3245 | D:4      | Found a staircase to the Ecumenical Temple.
  3256 | Temple   | Entered the Ecumenical Temple
  3358 | Temple   | Became a worshipper of Makhleb the Destroyer
  3851 | D:3      | Found a shattered altar of Ashenzari.
  4155 | D:5      | Entered Level 5 of the Dungeon
  4190 | D:5      | Reached XP level 8. HP: 69/73 MP: 7/7
  4457 | D:5      | Reached skill level 10 in Axes
  4862 | D:6      | Noticed Eustachio
  4879 | D:6      | Killed Eustachio
  4879 | D:6      | Reached skill level 8 in Fighting
  4924 | D:6      | Noticed Prince Ribbit
  4944 | D:6      | Killed Prince Ribbit
  5078 | D:6      | Reached * piety under Makhleb
  5155 | D:6      | Reached skill level 5 in Armour
  5484 | D:6      | Reached XP level 9. HP: 82/82 MP: 8/8
  5598 | D:6      | Noticed Menkaure
  5602 | D:6      | Killed Menkaure
  6026 | D:7      | Reached skill level 9 in Fighting
  6262 | D:7      | Found a sacrificial altar of Ru.
  6384 | D:7      | Got a crude jade ring
  6385 | D:7      | Identified the ring of Tirin {*Drain rPois rC+ Int+3} (You found it on level 7 of the Dungeon)
  6765 | D:8      | Noticed mhoghedin's ghost (journeyman KoCj)
  6895 | D:8      | Found a staircase to the Lair.
  6896 | D:8      | Noticed a komodo dragon
  6925 | D:8      | Killed a komodo dragon
  7041 | D:8      | Reached ** piety under Makhleb
  7781 | D:8      | HP: 4/85 [mhoghedin's ghost/orb of energy (28)]
  8139 | D:8      | Gained mutation: You have a pair of large horns on your head. [potion of mutation]
  8139 | D:8      | Gained mutation: You can translocate small distances at will. [potion of mutation]
  8139 | D:8      | Gained mutation: You have a beak for a mouth. [potion of mutation]
  8526 | D:9      | Reached XP level 10. HP: 93/93 MP: 9/9
  8626 | D:9      | Reached skill level 10 in Fighting
  8675 | D:9      | Noticed Pikel
  8677 | D:9      | Noticed Maurice
  8677 | D:9      | Noticed a two-headed ogre
  8678 | D:9      | Killed Pikel
  8702 | D:9      | Killed Maurice
  8705 | D:9      | Killed a two-headed ogre
  9090 | D:9      | Reached *** piety under Makhleb
  9216 | D:9      | Reached skill level 1 in Dodging
  9308 | D:10     | Entered Level 10 of the Dungeon
  9327 | D:10     | Reached skill level 1 in Invocations
  9466 | D:10     | Found a radiant altar of Vehumet.
  9884 | D:11     | Noticed wazuzu's ghost (novice DgWz)
 10075 | D:11     | Killed wazuzu's ghost
 10075 | D:11     | Reached skill level 11 in Fighting
 10075 | D:11     | Reached XP level 11. HP: 45/102 MP: 11/11
 10257 | D:11     | Noticed a two-headed ogre
 10264 | D:11     | Killed a two-headed ogre
 10640 | D:11     | Reached **** piety under Makhleb
 11181 | D:11     | Killed an unseen horror
 11458 | D:8      | Killed mhoghedin's ghost
 11458 | D:8      | Reached skill level 15 in Axes
 11458 | D:8      | Reached skill level 1 in Evocations
 11731 | Lair:1   | Entered Level 1 of the Lair of Beasts
 11864 | Lair:1   | Noticed Sonja
 11871 | Lair:1   | Cast into level 2 of the Abyss (Sonja)
 12019 | Abyss:2  | Noticed a wretched star
 12029 | Abyss:2  | Noticed a wretched star
 12031 | Abyss:2  | Killed a wretched star
 12042 | Abyss:2  | Killed a wretched star
 12066 | Abyss:2  | Noticed a starcursed mass
 12082 | Abyss:2  | Killed a starcursed mass
 12294 | Abyss:2  | Noticed a large abomination
 12298 | Abyss:2  | Reached skill level 12 in Fighting
 12298 | Abyss:2  | Reached XP level 12. HP: 99/112 MP: 13/13
 12303 | Abyss:2  | Reached skill level 5 in Invocations
 12305 | Lair:1   | Escaped the Abyss
 12495 | Lair:1   | Noticed Fannar
 12510 | Lair:1   | Killed Fannar
 12547 | Lair:1   | Noticed Erica
 12633 | Lair:1   | Noticed Harold
 12644 | Lair:1   | Killed Harold
 12778 | Lair:1   | Killed Erica
 12925 | Lair:1   | Killed Sonja
 13227 | Lair:2   | Reached skill level 1 in Throwing
 13447 | Lair:2   | Reached skill level 5 in Dodging
 13758 | Lair:2   | Noticed an eight-headed hydra
 13777 | Lair:2   | Killed an eight-headed hydra
 14112 | Lair:2   | Reached skill level 10 in Armour
 14340 | Lair:2   | Reached skill level 13 in Fighting
 14345 | Lair:2   | Found a staircase to the Swamp.
 15043 | Lair:3   | Noticed Joseph
 15048 | Lair:3   | Noticed mhoghedin's ghost (journeyman KoCj)
 15052 | Lair:3   | Killed Joseph
 15659 | Lair:3   | Killed mhoghedin's ghost
 15659 | Lair:3   | Reached XP level 13. HP: 122/122 MP: 16/16
 16498 | Lair:4   | Noticed Nessos
 16568 | Lair:4   | Found a labyrinth entrance.
 16583 | Lab      | Entered a labyrinth
 16968 | Lab      | Noticed a minotaur
 16979 | Lab      | Killed a minotaur
 16979 | Lab      | Reached skill level 5 in Evocations
 16984 | Lab      | Got a warped pewter amulet
 16985 | Lab      | Got a polished chain mail
 16986 | Lab      | Identified the amulet "Opomot" {+Rage rPois} (You found it in a labyrinth)
 16987 | Lab      | Identified the +1 chain mail of Beogh's Delight {rCorr Str-3 Int+4} (You found it in a labyrinth)
 17018 | Lair:4   | Found a hole to the Spider Nest.
 17037 | Lair:4   | Upgraded the game from 0.22-a0-149-g870e420 to 0.22-a0-157-g169b76a
 17134 | Lair:4   | Killed Nessos
 18112 | Lair:5   | Found the +18 shield of the Gong {rElec rN+ MR+ EV-5}
 18708 | Lair:5   | Reached skill level 5 in Throwing
 18923 | Lair:5   | Found a staircase to the Slime Pits.
 18940 | Lair:5   | Reached skill level 14 in Fighting
 19458 | Lair:6   | Entered Level 6 of the Lair of Beasts
 19627 | Lair:6   | Reached XP level 14. HP: 130/132 MP: 18/18
 19798 | Lair:6   | Reached ***** piety under Makhleb
 20633 | Lair:6   | Got a brightly glowing scimitar
 20636 | Lair:6   | Identified the cursed +1 scimitar of Eternal War {freeze, +Fly Str+5 Stlth+} (You found it on level 6 of the Lair of Beasts)
 21096 | D:12     | Found a staircase to the Orcish Mines.
 21353 | D:12     | Noticed KristoblXynda's ghost (journeyman DrGl)
 21716 | D:12     | Reached ****** piety under Makhleb
 21741 | D:12     | Reached skill level 15 in Fighting
 22294 | D:12     | Killed KristoblXynda's ghost
 22493 | Orc:1    | Entered Level 1 of the Orcish Mines
 22508 | Orc:1    | Paralysed by an orc sorcerer for 4 turns
 22514 | Orc:1    | Paralysed by an orc sorcerer for 5 turns
 22807 | Orc:1    | Found Uryqusib's Book Shoppe.
 22860 | Orc:1    | Found a roughly hewn altar of Beogh.
 23095 | Orc:2    | Entered Level 2 of the Orcish Mines
 23121 | Orc:2    | Found a staircase to the Elven Halls.
 23762 | Orc:2    | Noticed an orc warlord
 23801 | Orc:2    | Killed an orc warlord
 23854 | Orc:2    | Noticed Urug
 23858 | Orc:2    | Found a roughly hewn altar of Beogh.
 24172 | Orc:1    | Killed Urug
 24272 | Orc:2    | Reached XP level 15. HP: 143/143 MP: 20/20
 24390 | Orc:2    | Found Tuzorph's Antique Weapon Shoppe.
 24418 | Orc:2    | Found Miuhu's Antique Armour Shoppe.
 24421 | Orc:2    | Found Uklilan's Jewellery Shoppe.
 24423 | Orc:2    | Found Xupem's General Store.
 24839 | Orc:2    | Bought a scroll of brand weapon for 300 gold pieces
 24875 | Orc:2    | Bought 2 potions of heal wounds for 150 gold pieces
 25217 | D:13     | Found Anlutite's Food Emporium.
 25258 | D:13     | Reached skill level 16 in Fighting
 25322 | D:13     | Got a clouded lead ring
 25325 | D:13     | Got a pitted ivory ring
 25335 | D:13     | Got a faintly glowing ivory ring
 25362 | D:13     | Got a smoking lead ring
 25465 | D:13     | Reached skill level 5 in Shields
 25531 | D:13     | Noticed a bone dragon
 25532 | D:13     | Found the +9 sword of Zonguldrok {reap}
 25556 | D:13     | Killed a bone dragon
 26113 | D:14     | Found a portal to a secret trove of treasure.
 26333 | D:14     | Found a large runed door.
 26333 | D:14     | Found a large runed door.
 26492 | D:14     | Reached skill level 15 in Armour
 26549 | D:14     | Found a gate to the Vaults.
 26882 | D:15     | Entered Level 15 of the Dungeon
 26981 | D:15     | Identified the ring "Liomolum" {rCorr rPois} (You found it on level 13 of the Dungeon)
 27163 | Orc:2    | Bought an uncursed amulet of regeneration for 420 gold pieces
 27399 | D:15     | Found a staircase to the Depths.
 27441 | D:15     | Reached skill level 17 in Fighting
 27525 | D:15     | Noticed Agnes
 27543 | D:15     | Killed Agnes
 27675 | D:15     | Reached XP level 16. HP: 155/155 MP: 21/21
 27755 | D:15     | Noticed Kirke
 27769 | D:15     | Killed Kirke
 27786 | D:15     | Found Fiynukk's Antique Armour Shop.
 27794 | D:15     | Identified the ring of Zoituo Upust {rPois rF- Dex+2 SInv Stlth+} (You found it on level 13 of the Dungeon)
 27795 | D:15     | Bought the +2 shield of Resistance {rF+ rC+ MR+} for 1726 gold pieces
 27795 | D:15     | Found the +2 shield of Resistance {rF+ rC+ MR+}
 28345 | Spider:1 | Entered Level 1 of the Spider Nest
 28614 | Spider:1 | Identified the +5 war axe "Eqogar" {protect, Int+3} (You found it on level 1 of the Spider Nest)
 28615 | Spider:1 | Identified the ring of Haithes {rPois rC+ Dex+3 SInv} (You took it off an orc wizard on level 13 of the Dungeon)
 28618 | Spider:1 | Identified the ring "Otaed" {rC++ Str+5 Int-4 Dex+7} (You took it off a centaur warrior on level 13 of the Dungeon)
 28740 | Spider:1 | Noticed Frances
 28748 | Spider:1 | Killed Frances
 28762 | Spider:1 | Noticed Azrael
 28771 | Spider:1 | Killed Azrael
 28977 | Spider:1 | Noticed Tovarisch's ghost (journeyman MfSu)
 28997 | Spider:1 | Killed Tovarisch's ghost
 29066 | Spider:1 | Noticed Nikola
 29082 | Spider:1 | Killed Nikola
 29489 | Spider:2 | Noticed Roxanne
 29536 | Spider:2 | Killed Roxanne
 29537 | Spider:2 | Identified Roxanne's Incunabulum of Earth (You took it off Roxanne on level 2 of the Spider Nest)
 29564 | Spider:2 | Noticed Louise
 29579 | Spider:2 | Killed Louise
 29579 | Spider:2 | Reached skill level 10 in Shields
 29867 | Spider:2 | Noticed Arachne
 29877 | Spider:2 | Killed Arachne
 30818 | Spider:3 | Noticed Donald
 30882 | Spider:3 | Reached XP level 17. HP: 161/161 MP: 22/22
 30997 | Spider:3 | Noticed Jorgrun
 31017 | Spider:3 | Killed Jorgrun
 31123 | Spider:3 | Learned a level 3 spell: Regeneration
 31185 | Spider:3 | Killed Donald
 31717 | Swamp:1  | Entered Level 1 of the Swamp
 32521 | Swamp:2  | Reached skill level 15 in Shields
 33091 | Swamp:2  | Found a deep blue altar of Sif Muna.
 33309 | Swamp:3  | Noticed Bai Suzhen
 33803 | Swamp:3  | Reached skill level 18 in Fighting
 34158 | Swamp:3  | Killed Bai Suzhen
 34337 | Swamp:4  | Entered Level 4 of the Swamp
 34475 | Swamp:4  | Noticed the 27-headed Lernaean hydra
 34710 | Swamp:3  | Killed the 27-headed Lernaean hydra
 34996 | Swamp:4  | Reached XP level 18. HP: 156/173 MP: 23/23
 35451 | Swamp:4  | Got a decaying rune of Zot
 35686 | Spider:4 | Entered Level 4 of the Spider Nest
 35736 | Spider:4 | Reached skill level 10 in Dodging
 35779 | Spider:4 | Reached skill level 19 in Fighting
 36996 | Spider:4 | Got a gossamer rune of Zot
 37352 | Elf:1    | Entered Level 1 of the Elven Halls
 37743 | Elf:1    | Identified the Incunabulum of the Albatross
 38380 | Elf:2    | Found a runed gate.
 38382 | Elf:2    | Found a runed gate.
 38382 | Elf:2    | Found a runed gate.
 38572 | Elf:2    | Reached skill level 20 in Fighting
 38959 | Elf:2    | Reached XP level 19. HP: 185/185 MP: 24/24
 39353 | Vaults:1 | Entered Level 1 of the Vaults
 39388 | D:14     | Found a burning altar of Makhleb.
 39395 | D:14     | Found an ancient bone altar of Kikubaaqudgha.
 41036 | Vaults:2 | Found Doatz's Armour Shop.
 41263 | Vaults:2 | Reached skill level 21 in Fighting
 41390 | Vaults:2 | Found the +2 ratskin cloak {+Rats rPois rN+ Str-1 Int-1 Dex+1}
 41813 | Vaults:2 | Identified the Volume of Feathery Earth
 41817 | Vaults:2 | Learned a level 2 spell: Passwall
 42090 | Vaults:2 | Found a staircase to the Crypt.
 42422 | Vaults:3 | Reached XP level 20. HP: 198/198 MP: 25/25
 42939 | Vaults:3 | Noticed Margery
 42954 | Vaults:3 | Killed Margery
 43145 | Vaults:3 | Noticed Mennas
 43165 | Vaults:3 | Killed Mennas
 43512 | Vaults:3 | Found Muihank's Distillery.
 43521 | Vaults:3 | Bought a potion of heal wounds for 85 gold pieces
 43521 | Vaults:3 | Bought a potion of heal wounds for 85 gold pieces
 43521 | Vaults:3 | Bought a potion of curing for 51 gold pieces
 43521 | Vaults:3 | Bought a potion of curing for 51 gold pieces
 43572 | Vaults:4 | Noticed Mara
 43590 | Vaults:4 | Noticed sankara's illusion
 43600 | Vaults:4 | Killed Mara
 43600 | Vaults:4 | Reached skill level 15 in Dodging
 43687 | Vaults:4 | Reached skill level 22 in Fighting
 43838 | Vaults:4 | Found a flickering gateway to a bazaar.
 43846 | Bazaar   | Entered a bazaar
 43846 | Bazaar   | Found Rangan's Antique Weapon Emporium.
 43853 | Bazaar   | Found Kowu Modoz's General Store.
 43861 | Bazaar   | Found Ygreh's Antique Armour Boutique.
 43883 | Bazaar   | Found Nedum's Jewellery Shop.
 43891 | Bazaar   | Found Geruocig's Distillery.
 43928 | Bazaar   | Bought a pair of fine boots for 294 gold pieces
 43928 | Bazaar   | Identified the +0 pair of boots of Tenacity {MR+ rCorr} (You bought it in a shop in a bazaar)
 43937 | Bazaar   | Bought a +1 pair of boots of running for 511 gold pieces
 44781 | Vaults:4 | Identified a scroll of acquirement
 44937 | Vaults:5 | Entered Level 5 of the Vaults
 44976 | Vaults:4 | Reached skill level 23 in Fighting
 45227 | Vaults:5 | Reached XP level 21. HP: 212/212 MP: 26/26
 45332 | Vaults:5 | Reached skill level 24 in Fighting
 45513 | Vaults:5 | Identified the ring "Fokaevyd" {rC++ MP+9} (You took it off a frost giant on level 5 of the Vaults)
 45565 | Vaults:5 | Reached skill level 25 in Fighting
 45587 | Vaults:5 | Identified the ring of Geoz {rC++ SInv} (You found it on level 5 of the Vaults)
 45652 | Vaults:5 | Got a silver rune of Zot
 45943 | Vaults:5 | Noticed a golden dragon
 45956 | Vaults:5 | Killed a golden dragon
 46149 | Vaults:5 | Reached skill level 26 in Fighting
 46465 | Vaults:5 | Reached XP level 22. HP: 231/231 MP: 27/27
 46746 | Vaults:5 | Got an ivory hand crossbow
 46747 | Vaults:5 | Identified the +6 hand crossbow "Demon's Doom" {speed, MR+ Str+4} (You found it on level 5 of the Vaults)
 47032 | Vaults:5 | Reached skill level 1 in Crossbows
 49065 | Crypt:1  | Entered Level 1 of the Crypt
 49606 | Crypt:1  | Found an ancient bone altar of Kikubaaqudgha.
 49854 | Crypt:2  | Reached skill level 5 in Crossbows
 49935 | Crypt:2  | Reached skill level 27 in Fighting
 50090 | Crypt:2  | Noticed Jory
 50131 | Crypt:2  | Killed Jory
 50409 | Crypt:2  | Reached skill level 10 in Crossbows
 50422 | Crypt:2  | Found an ancient bone altar of Kikubaaqudgha.
 50824 | Crypt:3  | Entered Level 3 of the Crypt
 50904 | Crypt:3  | Reached XP level 23. HP: 226/240 MP: 28/28
 51733 | Crypt:3  | Found a basalt altar of Yredelemnul.
 51740 | Crypt:3  | Found an ancient bone altar of Kikubaaqudgha.
 51818 | Crypt:3  | Identified the Compendium of Darkness
 51859 | Crypt:3  | Identified the +8 hand axe "Zan Oval" {protect, +Fly rF- Str+5 SInv} (You found it on level 3 of the Crypt)
 52050 | Crypt:3  | Found a staircase to the Tomb.
 52268 | Depths:1 | Entered Level 1 of the Depths
 52415 | Depths:1 | Noticed Rupert
 52452 | Depths:1 | Killed Rupert
 52491 | Depths:1 | Noticed Sojobo
 52537 | Depths:1 | Noticed Frederick
 52541 | Depths:1 | Killed Sojobo
 52563 | Depths:1 | Killed Frederick
 52851 | Depths:1 | Found a gateway to Hell.
 53400 | Depths:2 | Found Gozag's Antique Armour Shoppe.
 53408 | Depths:2 | Found an opulent altar of Gozag.
 53423 | Depths:2 | Found Gozag's Assorted Antiques.
 53426 | Depths:2 | Found Gozag's Assorted Antiques.
 54942 | Depths:3 | Reached XP level 24. HP: 249/249 MP: 28/28
 55107 | Depths:3 | Noticed a juggernaut
 55162 | Depths:3 | Killed a juggernaut
 55872 | Depths:2 | Bought 2 potions of might for 800 gold pieces
 56012 | Depths:3 | Found a one-way gate leading to the halls of Pandemonium.
 56641 | Depths:4 | Found a runed door.
 56856 | Depths:4 | Noticed a juggernaut
 56868 | Depths:4 | Killed a juggernaut
 56933 | Depths:4 | Found a one-way gate to the infinite horrors of the Abyss.
 57141 | Depths:4 | Found a runed door.
 57384 | Depths:5 | Entered Level 5 of the Depths
 57852 | Depths:5 | Found a gateway to a ziggurat.
 57923 | Zig:1    | Entered Level 1 of a ziggurat
 57932 | Zig:1    | Reached XP level 25. HP: 257/257 MP: 28/28
 57951 | Zig:2    | Entered Level 2 of a ziggurat
 57991 | Zig:3    | Entered Level 3 of a ziggurat
 58043 | Zig:4    | Entered Level 4 of a ziggurat
 58129 | Zig:5    | Entered Level 5 of a ziggurat
 58194 | Zig:6    | Entered Level 6 of a ziggurat
 58199 | Zig:6    | Noticed Wuehaimp the pandemonium lord
 58234 | Zig:6    | HP: 9/257 [Wuehaimp the pandemonium lord/great icy blast (81)]
 58237 | Zig:6    | Killed Wuehaimp the pandemonium lord
 58461 | Zig:6    | Identified the Tome of Displacement and Feathers
 58686 | Depths:5 | Noticed a juggernaut
 58706 | Depths:5 | Killed a juggernaut
 58795 | Depths:5 | Reached skill level 10 in Invocations
 59139 | Depths:5 | Noticed a juggernaut
 59150 | Depths:5 | Killed a juggernaut
 59344 | Depths:5 | Reached skill level 10 in Evocations
 59749 | Depths:5 | Found a gate to the Realm of Zot.
 60195 | Zot:1    | Entered Level 1 of the Realm of Zot
 60530 | Elf:3    | Entered Level 3 of the Elven Halls
 61026 | Elf:3    | Identified the ring "Femokiuh" {MR+ Str+7 Dex+5} (You took it off a deep elf demonologist on level 3 of the Elven Halls)
 61510 | Elf:3    | Identified the +2 cloak "Paatt" {rElec} (You found it on level 3 of the Elven Halls)
 61517 | Elf:3    | Got a shimmering golden ring
 61521 | Elf:3    | Identified the ring of Xom's Ringing Laughter {+Fly MR+ Str+6 Int-2 Slay+3} (You found it on level 3 of the Elven Halls)
 61544 | Elf:3    | Identified the Catalogue of Sinister Feathers
 61554 | Elf:3    | Identified the Catalogue of Mutagenic Heat
 62331 | Zot:1    | Reached XP level 26. HP: 266/266 MP: 31/31
 63618 | Zot:1    | Identified the Handbook of Curses
 64336 | Zot:2    | Noticed an orb of fire
 64350 | Zot:2    | Killed an orb of fire
 64911 | Zot:3    | Reached skill level 15 in Invocations
 65086 | Zot:2    | Reached skill level 1 in Transmutations
 65086 | Zot:2    | Reached skill level 1 in Earth Magic
 65093 | Zot:3    | Reached skill level 1 in Spellcasting
 65093 | Zot:3    | Reached skill level 15 in Evocations
 65104 | Zot:3    | Reached XP level 27. HP: 273/273 MP: 33/33
 65736 | Zot:3    | Got a heavily runed jade ring
 65737 | Zot:3    | Identified the ring "Cak Laxa" {Ice Int+4 Stlth+} (You found it on level 3 of the Realm of Zot)
 67136 | Zot:5    | Entered Level 5 of the Realm of Zot
 67239 | Zot:5    | Reached skill level 5 in Transmutations
 67244 | Zot:5    | Reached skill level 5 in Earth Magic
 67264 | Zot:5    | Noticed an ancient lich
 67285 | Zot:5    | Killed an ancient lich
 67285 | Zot:5    | Reached skill level 5 in Spellcasting
 67305 | Zot:5    | Noticed an ancient lich
 67318 | Zot:5    | Killed an ancient lich
 67642 | Zot:5    | Noticed an orb of fire
 67644 | Zot:5    | Gained mutation: You are frail. (-10% HP) [an orb of fire]
 67654 | Zot:5    | Noticed an orb of fire
 67659 | Zot:5    | Gained mutation: Your spells are a little easier to cast, but a little less powerful. [an orb of fire]
 67664 | Zot:5    | Lost mutation: Your spells are a little easier to cast, but a little less powerful. [an orb of fire]
 67666 | Zot:5    | Killed an orb of fire
 67667 | Zot:5    | Gained mutation: You tend to lose your temper in combat. [an orb of fire]
 67670 | Zot:5    | Gained mutation: Your spells are a little easier to cast, but a little less powerful. [an orb of fire]
 67678 | Zot:5    | Gained mutation: Scrolls take you a little longer to read. [an orb of fire]
 67679 | Zot:5    | Killed an orb of fire
 67694 | Zot:5    | Noticed an orb of fire
 67871 | Zot:4    | Killed an orb of fire
 68162 | Zot:5    | Noticed an orb of fire
 68176 | Zot:5    | Killed an orb of fire
 68199 | Zot:5    | Noticed an orb of fire
 68202 | Zot:5    | Noticed an orb of fire
 68205 | Zot:5    | Noticed an ancient lich
 68220 | Zot:5    | Gained mutation: You occasionally shout uncontrollably at your foes. [an orb of fire]
 68226 | Zot:5    | Killed an ancient lich
 68232 | Zot:5    | Gained mutation: You are clumsy. (Dex -2) [an orb of fire]
 68236 | Zot:5    | Gained mutation: You are very clumsy. (Dex -4) [an orb of fire]
 68237 | Zot:5    | Gained mutation: You are very frail. (-20% HP) [an orb of fire]
 68239 | Zot:5    | HP: 5/218 [orb of fire/fireball (13)]
 68240 | Zot:5    | Killed from afar by an orb of fire

Vault maps used:
D:1:      dpeg_arrival_arbitrary_c
D:2:      first_ration
D:3:      old_standard_altar
D:4:      temple_green, serial_shops, shop_fountains
D:6:      uniq_eustachio, uniq_prince_ribbit1, uniq_menkaure
D:7:      grunt_ogre_cave, grunt_ministairs_6, nicolae_ru_sacrificial_ziggurat
D:8:      david_lair_shrubbed
D:9:      uniq_maurice, uniq_pikel
D:10:     basic_altar
D:12:     david_orc_3, minmay_rotating_lava
D:13:     minmay_the_grid_triangle_9x9_recursive_2_mashed, serial_shops,
          nicolae_shop_stone, minmay_guarded_unrand_zonguldrok
D:14:     erik_vaults_2, nicolae_trove_entry_crossroad, jmf_multi_god_temple2
D:15:     gammafunk_depths_entry_grave, serial_park, serial_park_tiny_2,
          serial_shops, nicolae_shop_crystal, uniq_kirke, uniq_agnes, uniq_urug
Temple:   kilobyte_greek_temple
Lair:1:   lemuel_fruit_tree, uniq_harold, uniq_erica, uniq_sonja, uniq_joseph,
          uniq_fannar
Lair:2:   nicolae_swamp_entry_splash_gauntlet, ice2_lemuel
Lair:3:   infiniplex_staircase_pool, serial_bayou_shore_b
Lair:4:   spider_nest_entry_funnel_web, lab_entry_generic, uniq_nessos
Lair:5:   minmay_slime_entry_oklob_open, special_room, beast_lair_carwin_3
Lair:6:   minmay_lair_end_enchanted_forest, grunt_megastairs_2,
          lemuel_fruit_fields
Swamp:1:  nicolae_swamp_trees_clearing, swamp_pool1
Swamp:2:  nicolae_swamp_godswood, nicolae_swamp_dense_foliage
Swamp:3:  nicolae_swamp_treefoil, swamp_pool1, uniq_bai_suzhen
Swamp:4:  swamp, swamp_pool1
Spider:1: uniq_nikola, uniq_frances, uniq_azrael
Spider:2: uniq_arachne, uniq_roxanne, uniq_louise
Spider:3: minivault_29, uniq_jorgrun, uniq_donald
Spider:4: spider_rune_water
Orc:1:    serial_shops, shop, lemuel_statue_altar
Orc:2:    grunt_orc_cross, special_room
Elf:1:    minmay_elf_necromancy
Elf:3:    minmay_elf_hall_curves
Vaults:1: ontoclasm_vaults_twist, hangedman_vaults_stagger, v_rooms_3,
          hangedman_vaults_nails, nicolae_vaults_ring_of_whatevers,
          nicolae_vaults_hallways_thing, vaults_room_ringed_pool,
          nicolae_vaults_ninety_degrees, nicolae_vaults_what_the_h, v_misc_23,
          grunt_vaults_hallway_long, vaults_dpeg_diagonal,
          nicolae_vaults_gold_heap, grunt_vaults_diagonal
Vaults:2: blue_anna_dwarven_crypt, dpeg_vaults_monster_box,
          nicolae_vaults_three_branches, vaults_room_grid,
          nicolae_vaults_little_squares_6, v_misc_15, v_misc_19,
          vaults_mumra_minichess, vaults_room_grid, vaults_room_door_ring,
          st_check, serial_shops, nicolae_shop_trees
Vaults:3: ontoclasm_vaults_eye, v_misc_9, v_misc_24, ontoclasm_vaults_fault,
          vaults_dpeg_cross, hangedman_vaults_snaps,
          nicolae_vaults_network_barrier, vaults_room_large_hall, v_misc_23,
          nicolae_vaults_display_case, nicolae_vaults_mini_display_case,
          nicolae_vaults_rhombus_5, vaults_dpeg_ring, vaults_dpeg_encased_lava,
          serial_shops, shop, uniq_margery, uniq_mennas
Vaults:4: nicolae_vaults_stairing_the_circle, vaults_mumra_minichess_inversion,
          v_misc_24, nicolae_vaults_little_ls, v_alt_pattern_6, v_misc_23,
          nicolae_vaults_sealed_display, nicolae_vaults_network_square,
          hangedman_vaults_river_flow, ontoclasm_vaults_ligature,
          vaults_dpeg_hooks, v_misc_23, grunt_vaults_hallway_short,
          serial_shops, bzr_entry_road, uniq_mara
Vaults:5: serial_shops
Crypt:1:  basic_altar
Crypt:2:  lemuel_vampire_tower
Crypt:3:  lightli_unholy_cathedral,
          nicolae_tomb_entry_unfolded_pyramid_diagonal,
          nicolae_crypt_cryptocurrency
Depths:1: minmay_crystal_room, grunt_hell_entry_dis_old, sword_in_stone,
          infiniplex_staircase_pool_lava
Depths:2: kennysheep_gozag_temple, pf_hell_entry_tar_river, minivault_11,
          infiniplex_staircase_trident
Depths:3: four-leaf_vault, rand_demon_pan_entry_7, fountainhead,
          lightli_too_deep, serial_bayou_shore_a,
          minmay_staircase_windowed_small
Depths:4: thingy_vault_2, pan_entry, hangedman_abyss_entry_splay,
          pf_hell_entry_great_geh, grunt_ministairs_11
Depths:5: grunt_bruiser_brothers, enter_ziggurat_c, serial_co_window_serial,
          co_window_paths_b, co_window_corner_a, co_window_paths_a,
          co_window_paths_b, co_window_paths_a, co_window_2corner,
          co_window_broadway_a, co_window_unsneaky_path_e,
          co_window_unsneaky_path_a, glass_columns_b, glass_columns_a,
          glass_columns_b, glass_columns_a, glass_columns_b, pan_entry,
          hell_entry, abyss_entry, grunt_decor_fettered
Zot:1:    minmay_elemental_castle
Zot:2:    lemuel_firehouse
Lab:      lab_fountain, lab_hedge, labyrinth_lava_lair,
          labyrinth_skeletal_remains
Bazaar:   bazaar_lake

Skill      XL: |  1  2  3  4  5  6  7  8  9 10 11 12 13 14 15 16 17 18 19 20 21 22 23 24 25 26 27 |
---------------+----------------------------------------------------------------------------------+-----
Axes           | 3 4 5 6 7 9 11 12 14 15 16 17 18 | 18.0
Fighting       | 4 5 6 7 8 9 11 12 13 14 15 17 18 20 21 23 26 27 | 27.0
Armour         | 5 7 8 9 10 11 13 15 17 18 19 20 23 25 26 | 26.2
Dodging        | 2 4 6 8 9 12 14 15 17 19 | 19.4
Invocations    | 2 4 5 7 8 9 12 15 16 | 16.0
Evocations     | 3 4 6 7 11 15 | 15.0
Throwing       | 3 5 |  5.0
Shields        | 4 5 13 15 | 15.0
Crossbows      | 10 | 10.0
Transmutations | 1 7 |  7.0
Earth Magic    | 1 7 |  7.0
Spellcasting   | 1 8 |  8.2

Action                   |  1- 3 |  4- 6 |  7- 9 | 10-12 | 13-15 | 16-18 | 19-21 | 22-24 | 25-27 || total
-------------------------+-------+-------+-------+-------+-------+-------+-------+-------+-------++-------
Melee: War axe           |    69 |   166 |   330 |   423 |   811 |       |       |       |       ||  1799
       Headbutt          |     8 |    23 |    63 |    87 |   285 |   325 |   360 |   459 |   330 ||  1940
       Peck              |       |       |       |    88 |   277 |   294 |   342 |   421 |   299 ||  1721
       Broad axe         |       |       |       |       |   356 |  1310 |  1189 |  1348 |   955 ||  5158
 Fire: Hunting sling     |       |       |    99 |   254 |    61 |       |       |       |       ||   414
       Blowgun           |       |       |       |     5 |       |       |       |       |       ||     5
       Hand crossbow     |       |       |       |       |       |       |       |   479 |   830 ||  1309
Throw: Javelin           |       |       |       |     8 |     2 |       |       |       |       ||    10
       Tomahawk          |       |       |       |       |     1 |     1 |       |       |       ||     2
Invok: Lesser Servant of |       |       |       |    16 |    20 |    82 |    19 |    36 |    25 ||   198
       Minor Destruction |       |       |       |     7 |       |    37 |     2 |       |       ||    46
       Greater Servant o |       |       |       |       |       |       |       |       |    12 ||    12
 Abil: Blink             |       |       |       |     4 |    20 |     3 |       |       |     1 ||    28
       Evoke Invisibilit |       |       |       |     2 |     5 |       |     2 |       |       ||     9
       Evoke Flight      |       |       |       |       |       |    11 |       |       |       ||    11
       Evoke Ratskin     |       |       |       |       |       |       |     6 |       |       ||     6
Evoke: Wand              |       |       |       |       |       |       |       |     2 |       ||     2
  Use: Potion            |       |     1 |     4 |     4 |     5 |     1 |       |     4 |    17 ||    36
       Scroll            |       |     6 |     6 |     8 |    17 |    19 |    17 |    10 |    22 ||   105
 Stab: Invisible         |       |       |       |       |    11 |       |     4 |       |       ||    15
       Distracted        |       |       |       |       |     3 |     7 |     7 |     2 |     2 ||    21
  Eat: Chunk             |     1 |     4 |    18 |    15 |    39 |    33 |    23 |    21 |     6 ||   160
       Ration            |       |       |       |     3 |     1 |     2 |     1 |     4 |    12 ||    23
Armor: Scale mail        |    27 |     2 |       |       |       |       |       |       |       ||    29
       Chain mail        |       |    79 |    48 |       |       |       |       |       |       ||   127
       Plate armour      |       |       |    83 |   264 |   540 |   877 |   359 |   499 |    86 ||  2708
       Gold dragon scale |       |       |       |       |       |       |       |       |   156 ||   156
Dodge: Dodged            |    22 |    24 |    45 |   101 |   405 |   610 |   403 |   455 |   246 ||  2311
Block: Shield            |    43 |    80 |   141 |   160 |    26 |  1103 |   738 |  1488 |  1040 ||  4819
       Buckler           |       |       |       |       |   211 |     5 |       |       |       ||   216

Table legend:
 A = Spawn XP
 B = Non-spawn XP
 C = Spawn XP percentage of total XP
 D = Spawn monster count
 E = Non-spawn monster count
 F = Spawn count percentage of total count
 G = Total turns spent on level
                    A         B        C        D         E        F      G
               +---------+---------+-------+---------+---------+-------+---------
         Total |    4464 | 1720633 |   0.3 |      12 |    2586 |   0.5 | 68240
               +---------+---------+-------+---------+---------+-------+---------
           D:1 |       0 |      30 |   0.0 |       0 |      18 |   0.0 |  1047
           D:2 |       0 |     124 |   0.0 |       0 |      32 |   0.0 |   990
           D:3 |       0 |     102 |   0.0 |       0 |      24 |   0.0 |   954
           D:4 |       0 |    1102 |   0.0 |       0 |      39 |   0.0 |  1160
           D:5 |       0 |     415 |   0.0 |       0 |       9 |   0.0 |   696
           D:6 |       0 |    1235 |   0.0 |       0 |      15 |   0.0 |  1052
           D:7 |       0 |    1061 |   0.0 |       0 |      22 |   0.0 |  1672
           D:8 |       0 |    2307 |   0.0 |       0 |      28 |   0.0 |  1481
           D:9 |       0 |    2858 |   0.0 |       0 |      32 |   0.0 |   909
          D:10 |       0 |    1496 |   0.0 |       0 |      12 |   0.0 |   728
          D:11 |       0 |    5626 |   0.0 |       0 |      33 |   0.0 |  1823
          D:12 |       0 |   13609 |   0.0 |       0 |      46 |   0.0 |  1619
          D:13 |       0 |   22844 |   0.0 |       0 |      55 |   0.0 |  1118
          D:14 |       0 |   16842 |   0.0 |       0 |      35 |   0.0 |  1523
          D:15 |       0 |   16133 |   0.0 |       0 |      31 |   0.0 |  1012
        Lair:1 |       0 |    3505 |   0.0 |       0 |      10 |   0.0 |  1175
        Lair:2 |       0 |   10523 |   0.0 |       0 |      51 |   0.0 |  2570
        Lair:3 |       0 |    4574 |   0.0 |       0 |      16 |   0.0 |  1110
        Lair:4 |       0 |    7871 |   0.0 |       0 |      29 |   0.0 |  1221
        Lair:5 |       0 |   11906 |   0.0 |       0 |      42 |   0.0 |  1621
        Lair:6 |       0 |   18403 |   0.0 |       0 |      84 |   0.0 |  1300
       Swamp:1 |       0 |    7571 |   0.0 |       0 |      23 |   0.0 |   984
       Swamp:2 |       0 |   14420 |   0.0 |       0 |      39 |   0.0 |  1050
       Swamp:3 |       0 |   25271 |   0.0 |       0 |      44 |   0.0 |  1139
       Swamp:4 |       0 |   27681 |   0.0 |       0 |      58 |   0.0 |   845
      Spider:1 |       0 |   24604 |   0.0 |       0 |      54 |   0.0 |  1116
      Spider:2 |       0 |   13449 |   0.0 |       0 |      33 |   0.0 |  1226
      Spider:3 |       0 |   33532 |   0.0 |       0 |     107 |   0.0 |  1128
      Spider:4 |       0 |   39310 |   0.0 |       0 |      93 |   0.0 |  1390
         Orc:1 |       0 |    3395 |   0.0 |       0 |      33 |   0.0 |  1153
         Orc:2 |       0 |    7362 |   0.0 |       0 |      67 |   0.0 |  1443
         Elf:1 |       0 |   11737 |   0.0 |       0 |      24 |   0.0 |  1057
         Elf:2 |       0 |   31026 |   0.0 |       0 |      46 |   0.0 |   925
         Elf:3 |       0 |   46558 |   0.0 |       0 |      47 |   0.0 |  1129
      Vaults:1 |       0 |   38007 |   0.0 |       0 |      72 |   0.0 |  1694
      Vaults:2 |       0 |   42906 |   0.0 |       0 |      69 |   0.0 |  1481
      Vaults:3 |       0 |   43386 |   0.0 |       0 |      56 |   0.0 |  1394
      Vaults:4 |       0 |   57512 |   0.0 |       0 |      81 |   0.0 |  1738
      Vaults:5 |       0 |  146222 |   0.0 |       0 |     156 |   0.0 |  1994
       Crypt:1 |       0 |   13538 |   0.0 |       0 |      23 |   0.0 |   761
       Crypt:2 |       0 |   69465 |   0.0 |       0 |     111 |   0.0 |  1056
       Crypt:3 |       0 |   84838 |   0.0 |       0 |      96 |   0.0 |  1296
      Depths:1 |       0 |   43940 |   0.0 |       0 |      43 |   0.0 |  1018
      Depths:2 |       0 |   33921 |   0.0 |       0 |      42 |   0.0 |  1560
      Depths:3 |       0 |   85139 |   0.0 |       0 |      89 |   0.0 |  1692
      Depths:4 |       0 |   68002 |   0.0 |       0 |      69 |   0.0 |  1271
      Depths:5 |       0 |   99590 |   0.0 |       0 |      69 |   0.0 |  2505
         Zot:1 |       0 |   88937 |   0.0 |       0 |      65 |   0.0 |  1345
         Zot:2 |       0 |   78803 |   0.0 |       0 |      59 |   0.0 |  1069
         Zot:3 |       0 |   54947 |   0.0 |       0 |      37 |   0.0 |   880
         Zot:4 |       0 |   85885 |   0.0 |       0 |      45 |   0.0 |  1737
         Zot:5 |       0 |  119826 |   0.0 |       0 |      39 |   0.0 |   713
       Abyss:2 |    4464 |    1409 |  76.0 |      12 |       2 |  85.7 |   434
         Zig:1 |       0 |    1710 |   0.0 |       0 |       1 |   0.0 |    28
         Zig:2 |       0 |    1942 |   0.0 |       0 |       4 |   0.0 |    40
         Zig:3 |       0 |    2638 |   0.0 |       0 |       5 |   0.0 |    52
         Zig:4 |       0 |    5252 |   0.0 |       0 |       6 |   0.0 |    86
         Zig:5 |       0 |    7149 |   0.0 |       0 |       5 |   0.0 |    65
         Zig:6 |       0 |   15781 |   0.0 |       0 |       6 |   0.0 |   289
           Lab |       0 |    1406 |   0.0 |       0 |       5 |   0.0 |   423
               +---------+---------+-------+---------+---------+-------+---------
